 Dungeon Crawl Stone Soup version 0.28-a0-1567-g1695149f81 (webtiles) character file.

Game seed: 13093988070458817053

76 southernslant the Skirmisher (level 4, -1/28 HPs)
             Began as a Gargoyle Gladiator on Jan 19, 2022.
             Slain by an orc (4 damage)
             ... on level 2 of the Dungeon.
             The game lasted 00:03:38 (2208 turns).

southernslant the Skirmisher (Gargoyle Gladiator)   Turns: 2208, Time: 00:03:39

Health: -1/28      AC:  7    Str: 20    XL:     4   Next: 32%
Magic:  4/4        EV: 12    Int:  8    God:
Gold:   83         SH:  0    Dex: 11    Spells: 3/3 levels left

rFire   . . .      SeeInvis .   a - +0 trident
rCold   . . .      Faith    .   (no shield)
rNeg    + . .      Spirit   .   b - +0 leather armour
rPois   ∞          Reflect  .   c - +0 helmet
rElec   +          Harm     .   (no cloak)
rCorr   .          Rampage  .   (no gloves)
Will    .....                   (no boots)
Stlth   +.........              (no amulet)
HPRegen 0.09/turn               (no ring)
MPRegen 0.09/turn               (no ring)

@: no status effects
A: sickness immunity, AC +3, negative energy resistance 1, electricity
resistance, torment resistance 1, petrification resistance
a: no special abilities


You were on level 2 of the Dungeon.
You visited 1 branch of the dungeon, and saw 3 of its levels.

You collected 83 gold pieces.

Inventory:

Hand Weapons
 a - a +0 trident (weapon)
Missiles
 d - 3 throwing nets
 j - 70 stones
 k - 3 poisoned darts (quivered)
Armour
 b - a +0 leather armour (worn)
 c - a +0 helmet (worn)
Jewellery
 i - a +4 ring of evasion
Scrolls
 e - a scroll of identify {unknown}
 m - a scroll of enchant armour {unknown}
Potions
 f - a potion of ambrosia {unknown}
 g - a potion of lignification {unknown}
 h - a potion of berserk rage {unknown}
 l - a potion of attraction {unknown}


   Skills:
 * Level 3.1 Fighting
 + Level 3.0 Polearms
 + Level 2.2 Throwing
 * Level 2.1 Armour
 + Level 2.6 Dodging


You had 3 spell levels left.
You didn't know any spells.
Your spell library contained the following spells:

 Spells                   Type           Power      Damage    Failure   Level
 Foxfire                  Conj/Fire      0%         2x1d4     45%         1
 Conjure Flame            Conj/Fire      0%         6-21      83%         3
 Inner Flame              Hex/Fire       0%         N/A       83%         3
 Flame Wave               Conj/Fire      0%         2d4       99%         4


Dungeon Overview and Level Annotations

Branches:
Dungeon (3/15)

Altars:


Innate Abilities, Weirdness & Mutations

You are immune to sickness and miasma.
Your stone body is resilient. (AC +3)
You are immune to poison.
You resist negative energy. (rN+)
You are resistant to electric shocks. (rElec)
You are resistant to unholy torment.
You are immune to petrification.


Message History

Throw: 4 darts (poison)
Press: ? - help, Q - select action, (/) - cycle Shift-Dir - straight line, f/p - orc priest
Aim: an orc priest, wielding a +0 dagger (57% to hit)
You throw a poisoned dart. The poisoned dart hits the orc priest.
The orc priest is poisoned.
The orc priest mumbles some strange prayers to Beogh against you.
Beogh smites you!
There is a stone staircase leading up here.
There is a stone staircase leading up here.
You reach to attack!
You closely miss the orc. The orc hits you with a +0 falchion.
You closely miss the orc. The orc barely misses you.
You hit the orc.
You kill the orc!
The orc closely misses you.
You puncture the orc!
You kill the orc!
The orc barely misses you. The orc barely misses you. x2
You climb upwards.
There is a stone staircase leading down here.
You hit the orc.
The orc is moderately wounded.
The orc hits you with a +0 falchion! The orc closely misses you.
You hit the orc but do no damage.
The orc is moderately wounded.
The orc barely misses you. The orc hits you but does no damage.
You closely miss the orc.
The orc is moderately wounded.
The orc closely misses you. The orc hits you with a +0 flail.
* * * LOW HITPOINT WARNING * * *
You barely miss the orc.
The orc is moderately wounded.
The orc barely misses you. The orc hits you with a +0 flail.
* * * LOW HITPOINT WARNING * * *
The orc closely misses you. The orc barely misses you.
You closely miss the orc.
The orc is moderately wounded.
The orc hits you with a +0 falchion.
You die...

.......#.##.# #..##.# #.....#
#. .##.####....###.###.#
#.....# #. .##.#
####.....###.# #.....# #.
....# ###.......# #.....# #.
###.##### #.###########.### ##
###.....#####.# #.....#
....###.......##### #.###.#
#.###
##..#####o..###.###.#######
#(# ##.#####o@.#..............
#.##
####.#...#...#.#.#.#..#.####
#..###P..P.)P..............#.#
##.♣....♣≈P..P........#.#..#.#
#.P...≈≈♣.≈..♣.......#.#..#.#
###P.P≈≈≈≈♣≈P..P.###........#
## #...≈≈≈≈≈≈.....# #####.####
#. ##P♣.≈≈♣≈≈≈.♣..# #.....# #.
##P...≈≈♣♣..### #.....# #.


You could see 2 orcs.

Vanquished Creatures
  3 adders (D:2)
  A worm (D:2)
  A dart slug (D:1)
  2 orcs (D:3)
  3 ball pythons
  2 endoplasms (D:1)
  A giant cockroach (D:1)
  4 goblins (D:1)
  4 hobgoblins
  4 quokkas (D:1)
  3 bats (D:1)
  2 frilled lizards (D:1)
  5 kobolds
  7 rats (D:1)
42 creatures vanquished.

Notes
Turn   | Place    | Note
-------+----------+-------------------------------------------
     0 | D:1      | southernslant the Gargoyle Gladiator began the quest for
                  | the Orb.
     0 | D:1      | Reached XP level 1. HP: 12/12 MP: 1/1
     3 | D:1      | Noticed an electric eel
     4 | D:1      | Noticed an electric eel
   167 | D:1      | Reached XP level 2. HP: 18/18 MP: 2/2
   192 | D:1      | Reached skill level 1 in Armour
   647 | D:1      | Reached XP level 3. HP: 22/22 MP: 3/3
   968 | D:1      | Found a faded altar of an unknown god.
  1796 | D:2      | Reached XP level 4. HP: 23/28 MP: 4/4
  2208 | D:2      | Slain by an orc

Illustrated notes

Levels and vault maps discovered:
D:1:      arrival_aquarium_b, layout_loops_cross,
          hellmonk_ecumenical_altar_lost_god
D:2:      layout_loops_cross, serial_bayou_pond_a
D:3:      minmay_goblin_kobold_castle, layout_basic, old_standard_altar,
          grunt_ministairs_2, minmay_stone_trees_small

Skill      XL: |  1  2  3  4 |
---------------+-------------+-----
Armour         | 1 2 |  2.1
Throwing       | 2 |  2.2
Fighting       | 3 |  3.1
Polearms       | 3 |  3.0
Dodging        | |  2.6

Action                   |  1- 3 |  4- 6 || total
-------------------------+-------+-------++-------
Melee: Trident           |   115 |    30 ||   145
       Punch             |     1 |       ||     1
Throw: Dart              |       |     3 ||     3
Armor: Leather armour    |    41 |     6 ||    47
Dodge: Dodged            |    64 |    21 ||    85

Table legend: (Time is in decaauts)
 A = Elapsed time spent in this place.
 B = Non-inter-level travel time spent in this place.
 C = Inter-level travel time spent in this place.
 D = Time resting spent in this place.
 E = Time spent auto-exploring this place.
 F = Levels seen in this place.
 G = Mean time per level.
                   A        B        C        D        E       F      G
               +--------+--------+--------+--------+--------+-----+--------+
         Total |   2232 |   2126 |    106 |      0 |   1787 |   3 |  744.0 |
       Dungeon |   2232 |   2126 |    106 |      0 |   1787 |   3 |  744.0 |
               +--------+--------+--------+--------+--------+-----+--------+

Top non-repeatable levels by time:
     D:1: 1261 daAuts
     D:2: 884 daAuts
     D:3: 86 daAuts
